 Dungeon Crawl Stone Soup version 0.24-a0-420-g24607be9ce (webtiles) character file.

Game seed: 4694068307959684639

316 Ijustatesigmund the Cudgeler (level 6, 0/44 HPs)
             Began as an Octopode Fighter on June 11, 2019.
             Succumbed to an adder's poison
             ... on level 4 of the Dungeon.
             The game lasted 00:05:14 (2957 turns).

Ijustatesigmund the Cudgeler (Octopode Fighter)     Turns: 2957, Time: 00:05:15

Health: 0/44       AC:  3    Str: 15    XL:     6   Next: 44%
Magic:  15/15      EV: 12    Int: 10    God:
Gold:   146        SH:  9    Dex: 14    Spells: 5/5 levels left

rFire    . . .     SeeInvis +   a - +1 flail
rCold    . . .     Gourm    .   b - +0 shield
rNeg     . . .     Faith    .   (helmet restricted)
rPois    .         Spirit   .   (no amulet)
rElec    .         Reflect  .   c - ring of magical power
rCorr    .         Harm     .   h - ring of see invisible
MR       .....                  (no ring)
Stlth    ++........             (no ring)
HPRegen  0.14/turn              (no ring)
MPRegen  0.14/turn              (no ring)
                                (no ring)
                                (no ring)

@: lethally poisoned (0 -> -1)
A: almost no armour, stealthy swim, amphibious, 8 rings, constrict 8, iridescent
scales 1, camouflage 1, wild magic 1, gelatinous body 1
a: no special abilities


You were on level 4 of the Dungeon.
You were hungry.

You visited 1 branch of the dungeon, and saw 4 of its levels.

You collected 146 gold pieces.

Inventory:

Hand Weapons
 a - a +1 flail (weapon)
Armour
 b - a +0 shield (worn)
Jewellery
 c - a ring of magical power (left tentacle)
 h - a ring of see invisible (right tentacle)
Scrolls
 f - 2 scrolls of enchant weapon
 g - a scroll of teleportation
 k - a scroll of blinking
 l - a scroll of remove curse
Potions
 e - a potion of mutation
 i - a potion of cancellation
Comestibles
 d - 3 rations


   Skills:
 + Level 4.6 Fighting
 + Level 5.3 Maces & Flails
 + Level 3.1 Dodging
 + Level 3.1 Shields


You had 5 spell levels left.
You didn't know any spells.
Your spell library was empty.

Dungeon Overview and Level Annotations

Branches:
Dungeon (4/15)
 Temple: D:4-7

Altars:
Kikubaaqudgha
Makhleb
Sif Muna
The Shining One


Innate Abilities, Weirdness & Mutations

You cannot wear most types of armour.
You are very stealthy in the water. (Stealth+)
You are amphibious.
You can wear up to eight rings at the same time.
You can use your tentacles to constrict eight enemies at once.
Your skin changes colour to match your surroundings (Stealth+).
Your rubbery body absorbs attacks. (AC +1, EV +1)
You are partially covered in iridescent scales. (AC +2)
Your spells are a little harder to cast, but a little more powerful.


Message History

You feel a little less clever now. The ball python bites you.
* * * LOW HITPOINT WARNING * * *
You block the ball python's attack.
You closely miss the ball python. Your grab misses the ball python.
* * * LOW HITPOINT WARNING * * *
You feel sick. The ball python bites you.
* * * LOW HITPOINT WARNING * * *
You block the ball python's attack.
Your shield prevents you from hitting the ball python.
You grab the ball python. You constrict the ball python.
You block the ball python's attack. The ball python grabs you.
The ball python constricts you. The ball python barely misses you.
The ball python constricts you.
You sock the ball python!
You kill the ball python!
The giant cockroach completely misses you.
You hit the giant cockroach but do no damage.
You grab the giant cockroach. You constrict the giant cockroach.
You die...

#.........###..#..
#.######### #.....
#.# #####. #.# ##
#.# . #.# . #.# .
#.# .. #@# #s# #.#
... ≈≈. ..≈≈≈
≈≈≈≈≈ ###++≈≈


You could see a giant cockroach.

Vanquished Creatures
  Sigmund (D:2)
  A hound skeleton (D:3)
  Robin (D:2)
  4 adders
  A river rat (D:4)
  2 worms
  3 leopard geckos
  7 orcs
  A giant cockroach (D:2)
  14 goblins
  6 hobgoblins
  6 jackals
  5 kobolds
  4 ball pythons
  12 bats
  3 frilled lizards
  6 rats
77 creatures vanquished.

Notes
Turn   | Place    | Note
-------+----------+-------------------------------------------
     0 | D:1      | Ijustatesigmund the Octopode Fighter began the quest for
                  | the Orb.
     0 | D:1      | Reached XP level 1. HP: 16/16 MP: 1/1
    54 | D:1      | Reached XP level 2. HP: 18/21 MP: 2/2
   218 | D:1      | Found a glowing golden altar of the Shining One.
   539 | D:2      | Reached skill level 3 in Maces & Flails
   540 | D:2      | Reached XP level 3. HP: 25/26 MP: 3/3
   541 | D:2      | Noticed Robin
   553 | D:2      | Killed Robin
   559 | D:2      | HP: 1/26 [bat (1)]
  1024 | D:2      | Reached XP level 4. HP: 22/32 MP: 4/4
  1215 | D:2      | Found a burning altar of Makhleb.
  1588 | D:2      | Noticed Sigmund
  1592 | D:2      | Killed Sigmund
  1592 | D:2      | Reached skill level 5 in Maces & Flails
  1592 | D:2      | Reached XP level 5. HP: 33/38 MP: 5/5
  1592 | D:2      | Reached XP level 6. HP: 38/44 MP: 6/6
  2042 | D:3      | Found a deep blue altar of Sif Muna.
  2068 | D:3      | Found an ancient bone altar of Kikubaaqudgha.
  2074 | D:3      | Gained mutation: You are partially covered in iridescent
                  | scales. (AC +2) [potion of mutation]
  2074 | D:3      | Gained mutation: Your spells are a little harder to cast,
                  | but a little more powerful. [potion of mutation]
  2954 | D:4      | HP: 2/44 [poisoned by an adder]
  2957 | D:4      | Succumbed to an adder's poison

Levels and vault maps discovered:
D:1:      evilmike_arrival_run_for_it, layout_basic, corner_web_ring, tso_altar
D:2:      layout_basic, nicolae_overflow_crystal_walls, minmay_heptomino_w4,
          uniq_robin, uniq_sigmund
D:3:      minmay_recursive_quarters, layout_basic, lemuel_round_altar,
          lemuel_doored_altar, minivault_24, eino_tiny_chamber
D:4:      layout_cave_pools, nicolae_ru_the_path_less_chosen,
          fiery_altar_vehumet, first_ration, portal_sewer_entry_e

Skill      XL: |  1  2  3  4 |
---------------+-------------+-----
Maces & Flails | 3 5 |  5.3
Fighting       | 4 |  4.6
Dodging        | |  3.1
Shields        | |  3.1

Action                   |  1- 3 |  4- 6 || total
-------------------------+-------+-------++-------
Melee: Flail             |    64 |    81 ||   145
       Constrict         |    23 |    23 ||    46
       Tentacles         |    12 |    14 ||    26
  Use: Scroll            |     2 |     8 ||    10
       Potion            |     1 |     3 ||     4
 Stab: Sleeping          |     5 |     5 ||    10
  Eat: Chunk             |       |     6 ||     6
Armor: Skin              |     4 |    13 ||    17
Dodge: Dodged            |    33 |    62 ||    95
Block: Shield            |    42 |    47 ||    89

Table legend:
 A = Non-vault XP
 B = Vault XP
 C = Vault XP percentage of total XP
 D = Non-vault monster count
 E = Vault monster count
 F = Vault count percentage of total count
                 A         B        C        D         E       F
            +---------+---------+-------+---------+---------+-------
      Total |     123 |     329 |  72.8 |      47 |      30 |  39.0
            +---------+---------+-------+---------+---------+-------
        D:1 |      26 |       4 |  13.3 |      15 |       1 |   6.2
        D:2 |      36 |     267 |  88.1 |      16 |      19 |  54.3
        D:3 |      42 |      43 |  50.6 |      13 |       8 |  38.1
        D:4 |      19 |      15 |  44.1 |       3 |       2 |  40.0
            +---------+---------+-------+---------+---------+-------
